 Dungeon Crawl Stone Soup version 0.17-a0-1741-gd5e8965 (webtiles) character file.

1710 KambridgeKobold the Protected (level 9, -4/79 HPs)
             Began as a Hill Orc Fighter on Aug 31, 2015.
             Was an Initiate of Qazlal.
             Engulfed by a steam dragon's steam (7 damage)
             ... on level 7 of the Dungeon.
             The game lasted 00:26:48 (8236 turns).

KambridgeKobold the Protected (Hill Orc Fighter)    Turns: 8236, Time: 00:26:49

Health: -4/79      AC: 19    Str: 19    XL:     9   Next: 3%
Magic:  9/9        EV:  6    Int:  8    God:    Qazlal [......]
Gold:   215        SH:  0    Dex: 13    Spells: 0 memorised, 8 levels left

rFire  . . .     SeeInvis .     a - +0 long sword
rCold  . . .     Clarity  .     y - +0 plate armour
rNeg   . . .     SustAt   .     (no shield)
rPois  +         Gourm    .     (no helmet)
rElec  .         Spirit   .     t - +0 cloak
rCorr  .         Warding  .     z - +2 pair of gloves {archery}
rMut   .         Stasis   .     (no boots)
MR     .....                    (no amulet)
Stlth  ..........               (no ring)
                                f - ring of poison resistance

@: not resistant to hostile enchantments, extremely unstealthy
A: no striking features
a: Renounce Religion


You were on level 7 of the Dungeon.
You worshipped Qazlal.
Qazlal was noncommittal.
You were not hungry.

You visited 1 branch of the dungeon, and saw 7 of its levels.

You collected 345 gold pieces.
You spent 130 gold pieces at shops.

Inventory:

Hand weapons
 a - a +0 long sword (weapon)
 b - a +0 short sword
 w - a +2 short sword of draining
 B - a cursed -2 trident
Armour
 c - a +0 shield
 m - a +0 scale mail
 t - a +0 cloak (worn)
 v - the +3 leather armour "Favvuuck" {Dex+4}
   (You found it on level 4 of the Dungeon)

   It affects your dexterity (+4).
 y - a +0 plate armour (worn)
 z - a +2 pair of gloves of archery (worn)
 C - a +0 pair of gloves
Jewellery
 f - a ring of poison resistance (left hand)
 E - an uncursed ring of teleportation
Scrolls
 i - 8 scrolls of identify
 k - 3 scrolls of immolation
 n - 3 scrolls of teleportation
 D - 2 scrolls of fear
 G - a scroll of remove curse
 I - 2 scrolls of enchant armour {unknown}
 L - 2 scrolls of magic mapping {unknown}
 N - a scroll of noise {unknown}
Potions
 d - a potion of might
 g - 2 potions of cancellation
 h - a potion of ambrosia {unknown}
 j - a potion of lignification {unknown}
 l - 3 potions of haste
 o - 2 potions of curing {unknown}
 r - a potion of brilliance {unknown}
 s - 3 potions of invisibility {unknown}
 u - a potion of heal wounds {unknown}
 x - a potion of poison {unknown}
 F - a potion of magic {unknown}
 J - a potion of berserk rage {unknown}
Books
 H - a book of the Earth

   Spells                             Type                      Level
   a - Leda's Liquefaction            Hexes/Earth                  4
   b - Bolt of Magma                  Conjuration/Fire/Earth       5
   c - Statue Form                    Transmutation/Earth          6
   d - Iron Shot                      Conjuration/Earth            6
   e - Shatter                        Earth                        9
 M - a book of the Tempests

   Spells                             Type                      Level
   a - Static Discharge               Conjuration/Air              3
   b - Lightning Bolt                 Conjuration/Air              5
   c - Fireball                       Conjuration/Fire             5
   d - Tornado                        Air                          9
   e - Shatter                        Earth                        9
Comestibles
 e - 6 bread rations
 p - 2 meat rations
 q - 2 beef jerkies
 A - 3 fruits


   Skills:
 - Level 7.3 Fighting
 + Level 6.7 Long Blades
 * Level 9.3 Armour
 - Level 3.2 Shields


You had 8 spell levels left.
You didn't know any spells.

Dungeon Overview and Level Annotations

Branches:
Dungeon (7/15)             Temple (0/1) D:5

Altars:
Ashenzari
Elyvilon
Fedhas
Gozag
Kikubaaqudgha
Qazlal
Ru
Yredelemnul

Shops:
D:5 ?%   D:6 %

Annotations:
D:4 exclusion: oklob plant
D:5 1 runed door
D:7 Prince Ribbit


Message History

You slash the steam dragon!
The steam dragon is severely wounded.
The steam dragon breathes steam at you. The ball of steam hits you!
You hit the steam dragon.
The steam dragon is almost dead.
You are engulfed in a cloud of scalding steam.
The steam dragon bites you but does no damage.
The steam dragon claws you but does no damage.
You closely miss the steam dragon.
The steam dragon is almost dead.
You are engulfed in a cloud of scalding steam.
* * * LOW HITPOINT WARNING * * *
The steam dragon bites you!
* * * LOW HITPOINT WARNING * * *
The steam dragon claws you but does no damage.
You hit the steam dragon but do no damage.
The steam dragon is almost dead.
You are engulfed in a cloud of scalding steam.
You die...

#####....##.#
#............ #####
#.###....##.###P≈.###
#.=.#.....#.##.P...P#
##.=......#.#.≈....≈##
#........#.#PP§§..≈.#
#........#.#.PD...P≈#
#.......##.##P§P...#
#........@D.##≈≈.PP#
#.......##....#§.≈##
#.......##....#..P#
#>......##..#.#^.≈#
#.............#P..#
##.###......#.#≈.≈# #.
........#.#P.P# #
.#....###.#P.## ......
..#


You could see a steam dragon.

Vanquished Creatures
  A steam dragon (D:7)
  Duvessa (D:5)
  3 ogres
  A phantom (D:6)
  2 centaurs
  The ghost of Zebulonius the Conjurer, an average DECj (D:3)
  A giant frog (D:6)
  Dowan (D:5)
  A water moccasin skeleton (D:6)
  The ghost of 4thArraOfDagon the Ducker, a weakling HaGl (D:5)
  4 hounds (D:5)
  3 orc priests (D:6)
  An iguana (D:6)
  Ijyb (D:2)
  A worker ant (D:5)
  Jessica (D:2)
  Natasha (thrice) (D:2)
  4 orc wizards
  2 hound zombies
  A worker ant zombie (D:5)
  A gnoll (D:1)
  8 adders
  2 shadow imps
  A worm (D:2)
  22 orcs
  7 bats
  A giant cockroach (D:3)
  8 hobgoblins
  10 jackals
  2 quokkas (D:3)
  2 ball pythons
  2 giant geckos
  A giant gecko zombie (D:6)
  6 giant newts
  15 goblins
  2 jackal skeletons
  A jackal zombie (D:7)
  10 kobolds
  11 rats
146 creatures vanquished.

Notes
Turn   | Place    | Note
--------------------------------------------------------------
     0 | D:1      | KambridgeKobold the Hill Orc Fighter began the quest for the Orb.
     0 | D:1      | Reached XP level 1. HP: 19/19 MP: 1/1
   400 | D:1      | Reached skill level 4 in Fighting
   400 | D:1      | Reached XP level 2. HP: 22/27 MP: 2/2
   794 | D:1      | Reached XP level 3. HP: 33/33 MP: 3/3
  1356 | D:2      | Noticed Natasha
  1372 | D:2      | Killed Natasha
  1372 | D:2      | Reached XP level 4. HP: 28/41 MP: 4/4
  1489 | D:2      | Noticed Natasha
  1989 | D:2      | Noticed Ijyb
  2011 | D:2      | Killed Ijyb
  2011 | D:2      | Reached skill level 5 in Fighting
  2011 | D:2      | Reached XP level 5. HP: 45/48 MP: 5/5
  2134 | D:2      | Killed Natasha
  2145 | D:2      | Noticed Natasha
  2147 | D:2      | Killed Natasha
  2336 | D:2      | Noticed Jessica
  2715 | D:2      | Killed Jessica
  3223 | D:3      | Reached XP level 6. HP: 18/56 MP: 6/6
  3410 | D:3      | Noticed Zebulonius's ghost (average DECj)
  3598 | D:3      | Found a stormy altar of Qazlal.
  3598 | D:3      | Found a shattered altar of Ashenzari.
  3599 | D:3      | Found an opulent altar of Gozag.
  3605 | D:3      | Became a worshipper of Qazlal Stormbringer
  3639 | D:3      | Found a basalt altar of Yredelemnul.
  3693 | D:3      | Killed Zebulonius's ghost
  3693 | D:3      | Reached skill level 5 in Long Blades
  4155 | D:4      | Got a transparent leather armour
  4166 | D:4      | Identified the +3 leather armour "Favvuuck" {Dex+4} (You found it on level 4 of the Dungeon)
  4270 | D:4      | Found a blossoming altar of Fedhas.
  4280 | D:4      | Noticed an oklob plant
  4453 | D:4      | Reached skill level 6 in Fighting
  4675 | D:4      | Reached skill level 5 in Armour
  4675 | D:4      | Reached XP level 7. HP: 18/64 MP: 7/7
  5571 | D:5      | Entered Level 5 of the Dungeon
  5596 | D:5      | Found a staircase to the Ecumenical Temple.
  5723 | D:5      | Found a white marble altar of Elyvilon.
  5723 | D:5      | Found a runed door.
  5723 | D:5      | Noticed an angel
  5731 | D:5      | Noticed 4thArraOfDagon's ghost (weakling HaGl)
  5794 | D:5      | Reached skill level 7 in Fighting
  5885 | D:5      | Killed 4thArraOfDagon's ghost
  5950 | D:5      | Found Laurug's Magic Scroll Shoppe.
  5972 | D:5      | Bought a scroll of identify for 26 gold pieces
  5972 | D:5      | Bought a scroll of identify for 26 gold pieces
  5972 | D:5      | Bought a scroll of identify for 26 gold pieces
  5972 | D:5      | Bought a scroll of identify for 26 gold pieces
  5972 | D:5      | Bought a scroll of identify for 26 gold pieces
  6038 | D:5      | Found Zestruedu's Food Shoppe.
  6203 | D:5      | Noticed Duvessa
  6203 | D:5      | Noticed Dowan
  6238 | D:5      | Killed Duvessa
  6238 | D:5      | Reached XP level 8. HP: 53/73 MP: 8/8
  6260 | D:5      | Killed Dowan
  6690 | D:6      | Found a sacrificial altar of Ru.
  6777 | D:6      | Acquired Qazlal's first power
  6777 | D:6      | Reached skill level 8 in Armour
  7058 | D:6      | Found an ancient bone altar of Kikubaaqudgha.
  7267 | D:6      | Found Vilinn's Food Shoppe.
  7891 | D:7      | Noticed Prince Ribbit
  7895 | D:7      | Reached skill level 9 in Armour
  8227 | D:7      | Reached XP level 9. HP: 48/79 MP: 9/9
  8235 | D:7      | HP: 3/79 [steam dragon (8)]
  8236 | D:7      | Engulfed by a steam dragon's steam

Vault maps used:
D:1:      nagdon_arrival_double_spiral
D:2:      hangedman_decor_clover_reticule, corexii_leaking_fountain,
          uniq_jessica, uniq_iyjb, uniq_natasha
D:3:      kennysheep_the_goblin_king, gammafunk_temple_overflow_claw,
          nicolae_overflow_crystal_walls
D:4:      first_bread, kennysheep_nub, tgw_fedhas
D:5:      minmay_temple_entry_statues_pillars, serial_shops,
          kennysheep_mini_moat, nicolae_shop_trees, lemuel_angel_altar,
          uniq_duvessa
D:6:      kiku_gazebo_garden_becter, basic_altar, serial_shops,
          kennysheep_little_box
D:7:      kennysheep_steamy, uniq_prince_ribbit1

Action                   |  1- 3 |  4- 6 |  7- 9 || total
-------------------------+-------+-------+-------++-------
Melee: Long sword        |    91 |   151 |   370 ||   612
       Short sword       |       |   108 |       ||   108
  Use: Scroll            |       |     6 |     3 ||     9
  Eat: Chunk             |     1 |    11 |    12 ||    24
